 Dungeon Crawl Stone Soup version 0.32-a0-999-gfa1cc04b1d (webtiles) character file.

Game seed: 4161720360786647954

271361 jasper the Slayer (level 19, -1/289 HPs)
             Began as a Mountain Dwarf Berserker on Apr 24, 2024.
             Was the Champion of Trog.
             Slain by a formless jellyfish (19 damage)
             ... while paralysed by a formless jellyfish
             ... on level 1 of the Vaults.
             The game lasted 01:03:51 (39279 turns).

jasper the Slayer (Mountain Dwarf Berserker)       Turns: 39279, Time: 01:03:51

Health: -1/289     AC: 28    Str: 26    XL:     19   Next: 45%
Magic:  19/19      EV: -1    Int: 15    God:    Trog [******]
Gold:   294        SH:  0    Dex: 12    Spells: 18/18 levels left

rFire   + . .        M - +9 broad axe (drain)
rCold   . . .        e - +0 tower shield
rNeg    + + +        y - +0 chain mail of Circular Logic {rF+ rN+ Dex+3 Stlth+}
rPois   +            x - +2 helmet {SInv}
rElec   .            z - +2 cloak {Stlth+}
rCorr   .            r - +0 pair of gloves
SInv    +            (no boots)
Will    +....        R - amulet of reflection Stlth
                     b - ring of Seolykai {rN++ AC+4 Int+5 SInv}
HPRegen 0.68/turn    m - ring of poison resistance
MPRegen 0.16/turn

%: reflection
@: paralysed, berserking, lethally poisoned (-1 -> -3), constricted
A: runic magic, artefact enchanting, inability to read after injury 1
}: 2/15 runes: barnacled, gossamer
a: Renounce Religion, Berserk, Trog's Hand, Brothers in Arms


You were on level 1 of the Vaults.
You worshipped Trog.
Trog was exalted by your worship.
You visited 7 branches of the dungeon, and saw 34 of its levels.
You also visited: Bailey.

You collected 4039 gold pieces.
You spent 3745 gold pieces at shops.

Inventory:

Hand Weapons
 c - a +3 antimagic broad axe
 M - a +9 broad axe of draining (weapon)
Missiles
 l - 4 curare-tipped darts
 s - 4 throwing nets
 J - 29 javelins
 L - 46 boomerangs
Armour
 e - a +0 tower shield (worn)
 g - the +0 plate armour of Ogiunuamn {Fly rPois Slay+2}
   (You bought it in a shop on level 1 of the Orcish Mines)

   Slay+2:    It affects your accuracy & damage with ranged weapons and melee
   (+2).
   rPois:     It protects you from poison.
   Fly:       It grants you flight.
 r - a +0 pair of gloves (worn)
 x - a +2 helmet of see invisible (worn)
 y - the +0 chain mail of Circular Logic (worn) {rF+ rN+ Dex+3 Stlth+}
   (You found it in a bailey)

   Dex+3:     It affects your dexterity (+3).
   rF+:       It protects you from fire.
   rN+:       It protects you from negative energy.
   Stlth+:    It makes you more stealthy.
 z - a +2 cloak of stealth (worn)
Jewellery
 b - the ring of Seolykai (left hand) {rN++ AC+4 Int+5 SInv}
   (You bought it in a shop on level 10 of the Dungeon)

   [ring of protection]

   AC+4:      It affects your AC (+4).
   Int+5:     It affects your intelligence (+5).
   rN++:      It greatly protects you from negative energy.
   SInv:      It lets you see invisible.
 h - the ring "Vuan" {rElec Will+ rCorr Int+6 Stlth-}
   (You acquired it on level 4 of the Shoals)

   [ring of intelligence]

   Int+6:     It affects your intelligence (+6).
   rElec:     It insulates you from electricity.
   Will+:     It increases your willpower.
   rCorr:     It protects you from acid and corrosion.
   Stlth-:    It makes you less stealthy.
 j - a +4 ring of protection
 m - a ring of poison resistance (right hand)
 C - an amulet of regeneration
 R - an amulet of reflection (around neck)
 Y - a ring of ice
Wands
 D - a wand of paralysis (3)
 N - a wand of iceblast (15)
 P - a wand of digging (9)
 Q - a wand of mindburst (1)
 T - a wand of flame (66)
Scrolls
 a - 3 scrolls of enchant armour
 d - a scroll of silence
 p - 18 scrolls of identify
 v - 6 scrolls of fog
 w - a scroll of fear
 F - 9 scrolls of teleportation
 G - 2 scrolls of blinking
 I - 8 scrolls of immolation
 U - 2 scrolls of vulnerability
 X - 8 scrolls of revelation
 Z - 2 scrolls of torment
Potions
 f - 7 potions of haste
 i - 3 potions of lignification
 k - 7 potions of invisibility
 n - 5 potions of might
 o - 6 potions of curing
 q - 2 potions of attraction
 t - 4 potions of cancellation
 u - 3 potions of magic
 A - 9 potions of ambrosia
 B - 6 potions of brilliance
 H - 2 potions of resistance
 K - 4 potions of enlightenment
 O - 7 potions of mutation
 S - 4 potions of heal wounds
Miscellaneous
 E - a box of beasts
 V - a phial of floods
 W - a condenser vane


   Skills:
 * Level 22.9 Fighting
 - Level 18.0 Axes
 + Level 19.1 Armour
 - Level 1.3 Dodging
 + Level 16.9 Shields
 - Level 15.0 Evocations


You had 18 spell levels left.
You didn't know any spells.
Your spell library was empty.

Dungeon Overview and Level Annotations

Branches:
Dungeon (15/15)              Lair (5/5) D:10         Shoals (4/4) Lair:2
 Spider (4/4) Lair:2        Slime (0/5) Lair:5          Orc (2/2) D:9
    Elf (0/3) Orc:2        Vaults (1/5) D:13         Depths (3/4) D:15
 Bailey (visited)
 Temple: D:4-7

Altars:
Ashenzari
Elyvilon
Gozag
Hepliaklqana
Kikubaaqudgha
Makhleb
Nemelex Xobeh
Trog
Uskayaw
Vehumet
The Shining One
Beogh
Jiyva

Shops:
D:2 !   D:9 ?   D:10 =   D:13 *   Orc:1 [*![   Orc:2 =(?=   Depths:1 (:?[

Portals:
Hell: Depths:1
Pandemonium: Depths:1
Ziggurat: Depths:2
Trove: D:12 (give 15 scrolls of teleportation)

Annotations:
D:10 1 runed translucent door, Stellion's ghost, novice DECj
Shoals:4 Roxanne


Innate Abilities, Weirdness & Mutations

Your spellcasting is much less encumbered by armour.
You can use scrolls of enchantment on lesser artefacts.
You occasionally lose the ability to read scrolls when taking damage.


Message History

The ironbound preserver begins to accept its allies' injuries.
You regained 5 hp, and now have 36/193 hp.
A red film seems to cover your vision as you go berserk!
You feel yourself moving faster!
You feel mighty! The formless jellyfish stings you.
* * * LOW HITPOINT WARNING * * *
The formless jellyfish grabs you. The formless jellyfish constricts you.
* * * LOW HITPOINT WARNING * * *
The vault warden hits you with a +2 war axe of venom!
* * * LOW HITPOINT WARNING * * *
You are poisoned.
A vault guard comes into view. It is wielding a +0 great mace.
You now have 37/289 hp.
You slash the vault warden!
The vault warden is almost dead.
You slash the formless jellyfish!
You feel sick.
The formless jellyfish stings you but does no damage.
The formless jellyfish constricts you.
* * * LOW HITPOINT WARNING * * *
The vault warden hits you with a +2 war axe of venom.
* * * LOW HITPOINT WARNING * * *
You take 8 damage, and have 29/289 hp.
You slice the vault warden!!
You feel the power of Trog in you as your rage grows.
You kill the vault warden!
Trog accepts your kill.
Trog appreciates your killing of a magic user.
You slice the formless jellyfish!! You drain the formless jellyfish!
You slash the ironbound preserver!
You feel sick.
You take 1 damage, and have 28/289 hp.
You barely miss the formless jellyfish.
The formless jellyfish is severely wounded.
You closely miss the ironbound preserver.
You feel sick. The formless jellyfish stings you!
* * * LOW HITPOINT WARNING * * *
You suddenly lose the ability to move!
The formless jellyfish constricts you.
An arcanist comes into view. It is wielding a +0 dagger.
The ironbound preserver hits you but does no damage.
You feel sick. The formless jellyfish stings you!!
You die...

## #.# #. ..#
###.###.#####
........ #.#
#.....###.#
#.....# ..#
#..p$$###.#
#..p@[)...#
#p#.#J###.#
#?#.#...#
#######.#
#....(..#
####+#'##
#..##.##
#..+...#
#..##.## ..


You could see a formless jellyfish (drained), an ironbound preserver, a vault
guard (sheltered) and an arcanist (sheltered).

Vanquished Creatures
  Mara (Shoals:3)
  Nikola (Shoals:2)
  2 liches
  Mlioglotl (Shoals:2)
  Asterion (Spider:2)
  Polyphemus (Shoals:2)
  Gastronok (D:9)
  Aizul (Spider:3)
  2 krakens (Shoals:1)
  Ilsuiw (Shoals:2)
  Donald (Orc:2)
  A fire giant (Depths:2)
  A vault warden (Vaults:1)
  8 emperor scorpions
  5 ghost moths
  An orc warlord (Bailey)
  6 stone giants
  2 ironbound preservers (Vaults:1)
  2 broodmothers (Spider:3)
  An elemental wellspring (Shoals:2)
  4 dire elephants (Vaults:1)
  4 spark wasps
  Snorg (Lair:5)
  7 merfolk impalers
  An ettin (Depths:2)
  2 fire dragons (Depths:2)
  Josephine (D:15)
  6 merfolk javelineers
  6 entropy weavers
  Harold (Lair:2)
  3 hydras
  A rakshasa (Depths:2)
  An ice dragon (Depths:1)
  A spriggan air mage (Depths:2)
  A vault guard (D:13)
  6 ogre magi
  Erica (D:9)
  3 ironbound frosthearts (Vaults:1)
  A jorogumo (Spider:2)
  An alligator snapping turtle (Shoals:3)
  5 merfolk avatars
  2 catoblepae
  2 centaur warriors
  2 boulder beetles (Spider:3)
  3 merfolk aquamancers
  7 radroaches
  A satyr (Shoals:4)
  14 two-headed ogres
  5 death yaks
  4 deep troll earth magi
  A tengu warrior (Depths:2)
  4 deep troll shamans
  A spriggan berserker (D:15)
  A vampire mage (D:15)
  2 hell hogs (Lair:5)
  Urug (Lair:2)
  9 demonic crawlers
  8 hell knights
  A storm dragon zombie (D:15)
  Amaemon (D:9)
  2 skysharks
  9 sea snakes
  4 pharaoh ants
  An iron troll (Depths:2)
  A storm dragon skeleton (D:15)
  6 skeletal warriors
  13 orb spiders
  A sun moth (Spider:4)
  15 deep trolls
  5 steelbarb worms
  27 harpies
  A lindwurm (Lair:5)
  3 obsidian bats (Orc:2)
  4 necromancers
  An orc knight (D:15)
  A shining eye (D:13)
  15 manticores
  2 deep elf zephyrmancers (D:9)
  8 orc sorcerers (Orc:2)
  26 wolf spiders
  A deep elf pyromancer (D:14)
  10 wolf spider zombies (Spider:1)
  6 ugly things
  3 cyclopes
  8 fauns
  2 moths of wrath
  2 kobold blastminers (Orc:2)
  7 water nymphs
  10 elephants
  3 meliai (D:15)
  12 merfolk sirens
  4 black mambas
  2 molten gargoyles (Lair:5)
  4 torpor snails
  A kobold demonologist (D:14)
  A hellion (Depths:1)
  8 cane toads
  14 komodo dragons
  2 tengu conjurers
  7 redback zombies (Spider:1)
  25 merfolk
  5 trolls
  5 hornets
  A merfolk (shapeshifter) (D:15)
  A polar bear (Lair:3)
  6 wind drakes
  26 jumping spiders
  6 snapping turtles
  26 tarantellas
  5 tarantella zombies (Spider:1)
  7 culicivora zombies (Spider:1)
  7 blink frogs (Lair:5)
  7 slime creatures
  21 culicivoras
  A centaur simulacrum (D:14)
  8 water elementals
  6 wraiths
  76 yaks
  A vampire (D:13)
  13 wyverns
  A hog (shapeshifter) (D:12)
  11 basilisks
  97 redbacks
  25 vampire mosquitoes
  4 steam dragons
  2 acid dragons
  9 water moccasins
  2 sky beasts
  A swamp drake (D:9)
  2 black bears
  3 hell hounds (Lair:5)
  15 orc warriors
  An ice beast (D:8)
  21 wolves
  11 ogres
  4 boggarts (D:14)
  14 centaurs
  3 kobold brigands
  11 bullfrogs
  3 gnoll sergeants
  5 scorpions
  13 wights
  A hornet simulacrum (D:14)
  16 killer bees
  5 howler monkeys
  5 electric eels
  5 lava snakes (Lair:5)
  A crimson imp (D:9)
  3 jellies (Lair:5)
  13 orc priests
  4 bombardier beetles
  2 hounds (D:5)
  Crazy Yiuf (D:5)
  An iron imp (D:9)
  4 iguanas
  A sleepcap (D:7)
  39 orc wizards
  A hound zombie (D:3)
  A hound skeleton (D:3)
  A howler monkey zombie (D:3)
  4 adders
  17 gnolls
  2 shadow imps
  A white imp (D:9)
  2 ufetubi (D:7)
  2 adder skeletons (D:3)
  2 dart slugs (D:2)
  A ribbon worm (D:4)
  57 orcs
  8 endoplasms
  A giant cockroach (D:2)
  11 goblins
  8 hobgoblins
  4 quokkas
  8 ball pythons
  A ball python skeleton (D:3)
  A ball python zombie (D:3)
  9 bats
  5 frilled lizards
  A jackal skeleton (D:3)
  A jackal zombie (D:3)
  25 kobolds
  4 rats
  A spectral goblin (D:5)
  A butterfly (Lair:2)
  3 spectral weapons (Spider:2)
  8 tentacles (Shoals:1)
1221 creatures vanquished.

Vanquished Creatures (collateral kills)
  Louise (D:14)
  A death yak (Shoals:2)
  2 hell knights (Depths:2)
  An orange demon (D:9)
  A basilisk (Lair:5)
  7 kobolds (D:9)
13 creatures vanquished.

Vanquished Creatures (others)
  Nessos (D:14)
  A merfolk aquamancer (Shoals:4)
  A radroach (Spider:3)
  A centaur warrior (D:13)
  A demonic crawler (Spider:2)
  A sun moth (Spider:1)
  A killer bee (D:9)
  An orc (D:9)
  4 starspawn tentacles (Shoals:2)
  8 tentacles (Shoals:1)
20 creatures vanquished.

Grand Total: 1254 creatures vanquished

Notes
Turn   | Place    | Note
-------+----------+-------------------------------------------
     0 | D:1      | jasper the Mountain Dwarf Berserker began the quest for the
                  | Orb.
     0 | D:1      | Reached XP level 1. HP: 19/19 MP: 1/1
   124 | D:1      | Reached XP level 2. HP: 18/26 MP: 2/2
   420 | D:1      | Reached skill level 5 in Axes
   459 | D:1      | Reached XP level 3. HP: 30/31 MP: 3/3
   469 | D:1      | Reached ** piety under Trog
   541 | D:2      | Found Getzafo's Distillery.
   554 | D:2      | Bought a potion of degeneration for 12 gold pieces
   874 | D:2      | Bought a potion of curing for 36 gold pieces
   892 | D:2      | Reached XP level 4. HP: 19/38 MP: 2/4
  1779 | D:3      | Found a sparkling altar of Nemelex Xobeh.
  1960 | D:3      | Reached XP level 5. HP: 45/45 MP: 5/5
  2721 | D:4      | Noticed an ogre
  2730 | D:4      | Killed an ogre
  2731 | D:4      | Reached XP level 6. HP: 51/51 MP: 6/6
  2989 | D:4      | Found a bloodstained altar of Trog.
  3336 | D:5      | Entered Level 5 of the Dungeon
  3693 | D:5      | Reached XP level 7. HP: 25/57 MP: 7/7
  3847 | D:5      | Identified the +0 leather armour "Gipaix" {rElec rN+ Dex+2}
  3852 | D:5      | Found a burning altar of Makhleb.
  3866 | D:5      | Reached skill level 10 in Axes
  4108 | D:5      | Found a runed translucent door.
  4109 | D:5      | Noticed Crazy Yiuf
  4117 | D:5      | Killed Crazy Yiuf
  4127 | D:5      | Identified the +5 hammer of Beutaohuf {protect, SInv}
  4265 | D:5      | Found a hazy altar of Hepliaklqana.
  4544 | D:6      | You fall into a shaft and drop 1 floor!
  4569 | D:7      | Reached XP level 8. HP: 63/63 MP: 8/8
  4833 | D:7      | Noticed a hornet
  4840 | D:7      | Reached skill level 1 in Shields
  4841 | D:7      | Killed a hornet
  4842 | D:7      | Reached skill level 4 in Fighting
  5132 | D:7      | Reached *** piety under Trog
  5133 | D:7      | Reached XP level 9. HP: 69/73 MP: 9/9
  5142 | D:7      | Reached skill level 5 in Fighting
  5251 | D:7      | Found a glowing golden altar of the Shining One.
  5710 | D:8      | Found a flagged portal.
  5719 | Bailey   | Entered a bailey
  5724 | Bailey   | Noticed an orc warlord
  5774 | Bailey   | Reached skill level 5 in Armour
  5926 | Bailey   | Found a runed translucent gate.
  5926 | Bailey   | Found a runed translucent gate.
  5926 | Bailey   | Found a runed translucent gate.
  5942 | Bailey   | Killed an orc warlord
  5943 | Bailey   | Reached skill level 6 in Fighting
  5976 | Bailey   | Reached skill level 5 in Shields
  6004 | Bailey   | Identified the +0 chain mail of Circular Logic {rF+ rN+
                  | Dex+3 Stlth+}
  6026 | Bailey   | Reached XP level 10. HP: 82/84 MP: 10/10
  6224 | D:8      | Reached XP level 11. HP: 86/91 MP: 11/11
  6571 | D:8      | Reached **** piety under Trog
  6582 | D:8      | Noticed a two-headed ogre
  6593 | D:8      | Killed a two-headed ogre
  6885 | D:9      | Noticed Erica
  6900 | D:9      | Killed Erica
  6901 | D:9      | Reached skill level 7 in Fighting
  6901 | D:9      | Reached skill level 1 in Evocations
  7101 | D:9      | Noticed Amaemon
  7127 | D:9      | Noticed Gastronok
  7130 | D:9      | HP: 4/92 [Amaemon/-1 demon whip of venom (3)]
  7240 | D:9      | Killed Amaemon
  7327 | D:9      | Killed Gastronok
  7328 | D:9      | Reached skill level 8 in Fighting
  7346 | D:9      | Found a white marble altar of Elyvilon.
  7458 | D:9      | Noticed a deep elf zephyrmancer
  7458 | D:9      | Noticed a deep elf zephyrmancer
  7467 | D:9      | Killed a deep elf zephyrmancer
  7474 | D:9      | Killed a deep elf zephyrmancer
  7632 | D:9      | Reached skill level 9 in Fighting
  7953 | D:9      | Found a staircase to the Orcish Mines.
  8004 | D:9      | Found Fuinow's Magic Scroll Shop.
  8012 | D:9      | Bought a scroll of teleportation for 42 gold pieces
  8012 | D:9      | Bought a scroll of vulnerability for 56 gold pieces
  8012 | D:9      | Bought a scroll of teleportation for 42 gold pieces
  8012 | D:9      | Bought a scroll of teleportation for 42 gold pieces
  8012 | D:9      | Bought a scroll of fog for 56 gold pieces
  8255 | D:10     | Entered Level 10 of the Dungeon
  8394 | D:10     | Reached ***** piety under Trog
  8550 | D:10     | Reached XP level 12. HP: 104/104 MP: 10/12
  8577 | D:10     | Found a staircase to the Lair.
  8688 | D:10     | Found an opulent altar of Gozag.
  8724 | D:10     | Found Wous's Jewellery Boutique.
  8920 | D:10     | Reached skill level 10 in Fighting
  8928 | D:10     | Reached skill level 5 in Evocations
  9132 | D:10     | Found a hide-covered altar of Uskayaw.
  9271 | D:10     | Found a runed translucent door.
  9273 | D:10     | Noticed Stellion's ghost (novice DECj)
  9273 | D:10     | Identified the +8 spear "Zeerralynn" {holy, Will++}
  9504 | D:11     | Found a glowing golden altar of the Shining One.
 10378 | D:12     | Found a portal to a secret trove of treasure.
 10447 | D:12     | Reached skill level 11 in Fighting
 10668 | D:12     | Identified the +4 flail of Mudeucie {holy, Fly Stlth+}
 10819 | D:12     | Identified a scroll of acquirement
 10819 | D:12     | Acquired a manual of Armour
 10869 | D:12     | Received a gift from Trog
 11072 | D:13     | Noticed a centaur warrior
 11101 | D:13     | Noticed a centaur warrior
 11112 | D:13     | Killed a centaur warrior
 11122 | D:13     | Killed a centaur warrior
 11373 | D:13     | Noticed an entropy weaver
 11390 | D:13     | Killed an entropy weaver
 11393 | D:13     | Noticed a vault guard
 11400 | D:13     | Killed a vault guard
 11401 | D:13     | Reached XP level 13. HP: 117/117 MP: 13/13
 11401 | D:13     | Found a gate to the Vaults.
 12081 | D:13     | Found Ithruparph's General Store.
 12085 | D:13     | Bought a potion of resistance for 170 gold pieces
 12270 | D:14     | Reached skill level 12 in Fighting
 12529 | D:14     | Reached skill level 10 in Armour
 12756 | D:14     | Noticed Nessos
 13353 | Lair:1   | Entered Level 1 of the Lair of Beasts
 13588 | Lair:1   | You fall into a shaft and drop 1 floor!
 13763 | Lair:2   | Found a staircase to the Shoals.
 13784 | Lair:2   | Identified the +1 long sword of Meng {venom, Dex+2}
 14001 | Lair:2   | Reached skill level 13 in Fighting
 14169 | Lair:2   | Noticed Harold
 14185 | Lair:2   | Killed Harold
 14194 | Lair:2   | Reached skill level 10 in Shields
 14204 | Lair:2   | Noticed Urug
 14219 | Lair:2   | Killed Urug
 14578 | Lair:2   | Found a hole to the Spider Nest.
 15593 | Lair:3   | Reached XP level 14. HP: 88/130 MP: 9/14
 15606 | Lair:3   | Reached skill level 14 in Fighting
 17006 | D:9      | Bought a scroll of acquirement for 728 gold pieces
 17006 | D:9      | Acquired 960 gold pieces
 17093 | D:10     | Bought the ring of Seolykai {rN++ AC+4 Int+5 SInv} for 954
                  | gold pieces
 17712 | Lair:5   | Entered Level 5 of the Lair of Beasts
 17811 | Lair:5   | Found a staircase to the Slime Pits.
 17812 | Lair:5   | Found a viscous altar of Jiyva.
 17884 | Lair:5   | Identified the +7 executioner's axe of Trog {heavy, rPois
                  | rN+} (Trog gifted it to you on level 5 of the Lair of
                  | Beasts)
 17884 | Lair:5   | Received a gift from Trog
 18311 | Lair:5   | Noticed Snorg
 18336 | Lair:5   | Reached skill level 15 in Fighting
 18350 | Lair:5   | Killed Snorg
 18660 | Lair:5   | Found a large runed translucent door.
 18660 | Lair:5   | Found a large runed translucent door.
 19187 | Lair:5   | Identified the +10 spear "Zehit" {elec, Fly rElec Will++
                  | Int-5}
 19418 | Lair:5   | Reached skill level 10 in Evocations
 19695 | Orc:1    | Entered Level 1 of the Orcish Mines
 19695 | Orc:1    | Found Yklytrun's Distillery.
 19754 | Orc:1    | Received a gift from Trog
 19768 | Orc:1    | Bought a potion of curing for 51 gold pieces
 19768 | Orc:1    | Bought a potion of heal wounds for 85 gold pieces
 19768 | Orc:1    | Bought a potion of curing for 51 gold pieces
 19852 | Orc:1    | Found Arint's Antique Armour Shop.
 19894 | Orc:2    | Entered Level 2 of the Orcish Mines
 20056 | Orc:2    | Found a staircase to the Elven Halls.
 20142 | Orc:2    | Found Funarch's Magic Scroll Emporium.
 20162 | Orc:2    | Bought a scroll of enchant weapon for 112 gold pieces
 20162 | Orc:2    | Bought a scroll of teleportation for 45 gold pieces
 20243 | Orc:2    | Found a radiant altar of Vehumet.
 20250 | Orc:2    | Found Paule's Antique Weapon Emporium.
 20252 | Orc:2    | Reached XP level 15. HP: 138/143 MP: 15/15
 20252 | Orc:2    | Noticed Donald
 20279 | Orc:2    | Killed Donald
 20308 | Orc:2    | Found an ancient bone altar of Kikubaaqudgha.
 20313 | Orc:2    | Reached skill level 16 in Fighting
 20344 | Orc:2    | Found a roughly hewn altar of Beogh.
 20344 | Orc:2    | Found Ynleoceb's Jewellery Emporium.
 20350 | Orc:2    | Found Lerilish's Jewellery Shoppe.
 20774 | Orc:2    | Received a gift from Trog
 20820 | Orc:2    | Found a roughly hewn altar of Beogh.
 20863 | Orc:2    | Paralysed by an orc sorcerer for 3 turns
 21237 | Orc:1    | Found Fajus's Antique Armour Shoppe.
 21301 | Orc:1    | Found a roughly hewn altar of Beogh.
 21381 | Orc:1    | Found Kiezigau's Assorted Antiques.
 21386 | Orc:1    | Bought a scroll of enchant weapon for 195 gold pieces
 21386 | Orc:1    | Bought a scroll of enchant weapon for 195 gold pieces
 21877 | D:14     | Reached skill level 15 in Armour
 21878 | D:14     | Noticed Louise
 21887 | D:14     | Killed Louise
 21958 | D:14     | Killed Nessos
 22225 | D:15     | Entered Level 15 of the Dungeon
 22290 | D:15     | Found a staircase to the Depths.
 22434 | D:15     | Found a white marble altar of Elyvilon.
 22949 | D:15     | Noticed Josephine
 22956 | D:15     | Reached skill level 17 in Fighting
 22957 | D:15     | Killed Josephine
 23005 | D:15     | Received a gift from Trog
 23315 | Depths:1 | Entered Level 1 of the Depths
 23981 | Depths:1 | Found a one-way gate leading to the halls of Pandemonium.
 24016 | Depths:1 | Found Ruzueck's Antique Weapon Shop.
 24088 | Depths:1 | Reached XP level 16. HP: 139/155 MP: 16/16
 24130 | Depths:1 | Found a broken altar of Ashenzari.
 24161 | Depths:1 | Found a gateway to Hell.
 24185 | Depths:1 | Noticed a lich
 24202 | Depths:1 | Killed a lich
 24331 | Depths:1 | Found Xunuah's Book Boutique.
 24333 | Depths:1 | Found Fuyttet's Magic Scroll Shop.
 24335 | Depths:1 | Found Duofoque's Antique Armour Boutique.
 24341 | Depths:1 | Bought a scroll of teleportation for 51 gold pieces
 24341 | Depths:1 | Bought a scroll of blinking for 127 gold pieces
 24341 | Depths:1 | Bought a scroll of teleportation for 51 gold pieces
 24949 | Depths:2 | Noticed a titan
 24949 | Depths:2 | Noticed a lich
 24951 | Depths:2 | Noticed a tengu reaver
 24953 | Depths:2 | Noticed a lich
 25339 | Depths:2 | Reached skill level 18 in Fighting
 25362 | Depths:2 | Found a one-way gateway to a ziggurat.
 25365 | Depths:2 | Found a hide-covered altar of Uskayaw.
 25443 | Depths:3 | HP: 6/157 [caustic shrike skeleton[a necromancer] (10)]
 25496 | Depths:2 | Received a gift from Trog
 25514 | Depths:2 | Killed a lich
 26019 | Shoals:1 | Entered Level 1 of the Shoals
 26910 | Shoals:1 | Noticed a kraken
 26928 | Shoals:1 | Killed a kraken
 26963 | Shoals:1 | Noticed a kraken
 26972 | Shoals:1 | Killed a kraken
 27395 | Shoals:2 | Noticed Mlioglotl
 27403 | Shoals:2 | Noticed a tentacled starspawn
 27403 | Shoals:2 | Noticed a tentacled starspawn
 27406 | Shoals:2 | Killed Mlioglotl
 27413 | Shoals:2 | Noticed Polyphemus
 27427 | Shoals:2 | Killed Polyphemus
 27428 | Shoals:2 | Reached skill level 19 in Fighting
 27529 | Shoals:2 | Noticed Ilsuiw
 27791 | Shoals:2 | Killed Ilsuiw
 27792 | Shoals:2 | Reached XP level 17. HP: 105/168 MP: 14/17
 28083 | Shoals:2 | Noticed Nikola
 28107 | Shoals:2 | Killed Nikola
 28546 | Shoals:3 | Noticed Mara
 28552 | Shoals:3 | Noticed jasper's illusion
 28554 | Shoals:4 | Entered Level 4 of the Shoals
 28591 | Shoals:3 | Killed Mara
 30066 | Shoals:4 | Identified the +4 quarterstaff "Tyepluij" {drain, *Noise
                  | Will+ Int+3 Dex+8}
 30080 | Shoals:4 | Noticed Roxanne
 30487 | Shoals:4 | Acquired the ring "Vuan" {rElec Will+ rCorr Int+6 Stlth-}
 30493 | Shoals:4 | Reached skill level 20 in Fighting
 30566 | Shoals:4 | Received a gift from Trog
 30683 | Shoals:4 | Identified the +0 leather armour "Yvy Icig" {rC+ Str+7
                  | Int-2}
 31078 | Shoals:4 | Reached skill level 15 in Shields
 31360 | Shoals:4 | Got a barnacled rune of Zot
 31929 | Spider:1 | Entered Level 1 of the Spider Nest
 32302 | Spider:2 | Reached XP level 18. HP: 177/180 MP: 18/18
 32963 | Spider:2 | Paralysed by a jorogumo for 2 turns
 33225 | Spider:2 | Noticed Asterion
 33244 | Spider:2 | Killed Asterion
 33408 | Spider:3 | Reached skill level 21 in Fighting
 33549 | Spider:1 | Received a gift from Trog
 34759 | Spider:3 | Reached ****** piety under Trog
 34967 | Spider:3 | Reached skill level 15 in Evocations
 34972 | Spider:3 | Identified the serpent talisman of the Constellations {Fly
                  | Str-2 Dex+5}
 34972 | Spider:3 | Noticed Aizul
 34994 | Spider:3 | Killed Aizul
 35431 | Spider:3 | Received a gift from Trog
 36247 | Spider:4 | Entered Level 4 of the Spider Nest
 36725 | Orc:1    | Bought a faintly glowing plate armour for 644 gold pieces
 36725 | Orc:1    | Identified the +0 plate armour of Ogiunuamn {Fly rPois
                  | Slay+2} (You bought it in a shop on level 1 of the Orcish
                  | Mines)
 36950 | Spider:4 | Reached skill level 22 in Fighting
 37336 | Spider:4 | Reached XP level 19. HP: 191/191 MP: 19/19
 37708 | Spider:4 | Received a gift from Trog
 38202 | Spider:4 | Gained mutation: You occasionally lose the ability to read
                  | scrolls when taking damage. [mutagenic glow]
 38772 | Spider:4 | Got a gossamer rune of Zot
 39017 | Vaults:1 | Entered Level 1 of the Vaults
 39255 | Vaults:1 | Identified the +7 broad axe "Piuj" {flame, Stlth+} (Trog
                  | gifted it to you on level 1 of the Vaults)
 39255 | Vaults:1 | Received a gift from Trog
 39278 | Vaults:1 | Paralysed by a formless jellyfish for 1 turns
 39279 | Vaults:1 | Slain by a formless jellyfish

Illustrated notes

Levels and vault maps discovered:
D:1:      elethiomel_arrival_shortcut, layout_rooms
D:2:      layout_basic, serial_shops, shop
D:3:      layout_loops_corners, nemelex_xobeh_ov_fountains_minmay,
          serial_undead, serial_undead_d, serial_undead_e, serial_undead_f,
          serial_undead_c, serial_undead_e, serial_undead_e, serial_undead_e
D:4:      minmay_inner_zag, layout_layer_cave, mainiacjoe_overflow_24_doors,
          fedhas_altar_1, ebering_ghost_gozag, sigmund_edmund_badplayer
D:5:      layout_cave_pools, nicolae_hepliaklqana_monster_ancestors,
          makhleb_heckhound_becter, kennysheep_dice, uniq_crazy_yiuf_cottage,
          uniq_edmund
D:6:      nicolae_cairo_tiling, layout_gridville, lemuel_tele_altar,
          nicolae_yredelemnul_corpse_copse, mainiacjoe_overflow_paths,
          minmay_temple_entry_enclosed_plants, minmay_misc_feat_nine_boxes,
          chequers_serial_rivers_small_3
D:7:      layout_loops_ring, mainiacjoe_overflow_alcove_4
D:8:      layout_rooms, enter_bailey_8, serial_rivers,
          chequers_serial_rivers_micro_c, chequers_serial_rivers_large_b,
          chequers_serial_rivers_micro_b, chequers_serial_rivers_micro_b
D:9:      layout_loops_ring, lemuel_crystal_altar, serial_shops, shop,
          minmay_misc_feat_alley, hangedman_minor_magic, uniq_amaemon,
          uniq_gastronok, uniq_erica
D:10:     layout_stronghold, mainiacjoe_overflow_six_doors_small,
          grunt_gozag_statues, minmay_lair_entry_grove,
          ebering_ghost_funeral_grove, serial_shops,
          nicolae_shop_advertising_works [nicolae_subvault_shop_adworks]
D:11:     layout_small_grid, nicolae_tso_carved_into_rock
D:12:     layout_long_grid, enter_trove_3
D:13:     layout_long_grid, hellmonk_vaults_order_and_chaos, serial_shops,
          nicolae_shop_back_alley_shop
D:14:     layout_basic, kennysheep_flooded_box, uniq_louise, uniq_nessos
D:15:     gammafunk_depths_entry_grave, layout_basic, elyvilon_altar_1,
          uniq_josephine
Lair:1:   layout_regular_city, uniq_sonja
Lair:2:   layout_gridlike, minmay_shoals_entry_beasts,
          spider_nest_entry_funnel_web, beast_lair_carwin_6,
          lemuel_fruit_fields, uniq_urug, uniq_harold
Lair:3:   layout_chaotic_city, serial_forest, infiniplex_forest_clump_long,
          infiniplex_forest_straight_2, infiniplex_forest_straight_2,
          infiniplex_forest_clump_double, infiniplex_forest_lined_room_3,
          infiniplex_forest_end_2, serial_bayou_pond_c
Lair:4:   layout_cellular_growth, lemuel_old_faithful, wad_woods_river_01
Lair:5:   cheibrodos_lair_end_hotspot, layout_cave_pods,
          minmay_slime_entry_pillars, nicolae_quartered_pool_little, uniq_snorg
Shoals:1: layout_shoals, nicolae_shoals_dead_sea_scrolls
Shoals:2: layout_shoals, nicolae_shoals_spring_well_temple, uniq_polyphemus,
          uniq_ilsuiw, uniq_mlioglotl, uniq_nikola
Shoals:3: layout_shoals, uniq_mara
Shoals:4: shoals_end_simple, layout_shoals, uniq_roxanne
Spider:1: lemuel_spider_zombies
Spider:2: layout_spider_delve, uniq_asterion
Spider:3: layout_cave_pods, hangedman_spider_tarantella_strand, uniq_aizul
Spider:4: spider_rune_water, nicolae_spider_nooks_and_crannies
Orc:1:    layout_diamond_mine, serial_shops, nicolae_shop_pleasant_corner_grove,
          nicolae_shop_waterfront, shop, nicolae_shop_behind_doors, basic_altar
Orc:2:    kennysheep_orc_mage_school, layout_caves, basic_altar, library_closet,
          blackcustard_mines_bat_river, uniq_donald
Vaults:1: ontoclasm_vaults_decontamination, nicolae_vaults_network_periphery,
          vaults_mumra_lcd, nicolae_vaults_heist, nicolae_vaults_mitosis,
          v_misc_5, vaults_room_pool, lightli_orcish_oven,
          vaults_room_grunt_arrival_ludios, vaults_dpeg_emergency_exit,
          nicolae_vaults_double_plus_1, layout_vaults_big_room, serial_shops,
          nicolae_shop_stone
Depths:1: layout_forbidden_donut, hangedman_coc_ice_floe,
          rand_demon_pan_entry_3, serial_shops, shop,
          serial_library_hellmonk_hallway_b, cheibrodos_ashenzari_chains,
          minmay_shop_star
Depths:2: minmay_the_grid_triangle_9x9_recursive_3_mashed
          [minmay_the_grid_triangle_9x9_windchime,
          minmay_the_grid_triangle_9x9_flanged_cone,
          minmay_the_grid_triangle_9x9_pentomino_pain,
          minmay_the_grid_triangle_9x9_prize_schism,
          minmay_the_grid_triangle_9x9_sparse_checkered,
          minmay_the_grid_triangle_9x9_swiss_cheese,
          minmay_the_grid_triangle_9x9_longest,
          minmay_the_grid_triangle_9x9_zippers_vertical,
          minmay_the_grid_triangle_9x9_steps], layout_gridlike,
          enter_ziggurat_e, nicolae_concentric_dashed_squares_wild, hell_entry,
          rand_demon_pan_entry_7, drop_trap, nicolae_uskayaw_en_pointe
Depths:3: hellmonk_ruined_rings, layout_basic, minmay_holes,
          hangedman_abyss_entry_splay, hell_entry, uniq_grunn

Skill      XL: |  1  2  3  4  5  6  7  8  9 10 11 12 13 14 15 16 17 18 19 |
---------------+----------------------------------------------------------+-----
Axes           | 4 5 6 7 8 9 11 12 17 18 | 18.0
Shields        | 3 5 7 8 10 11 12 14 15 16 | 16.9
Armour         | 4 5 7 9 12 14 15 16 17 18 19 | 19.1
Fighting       | 4 6 9 11 13 15 17 19 20 22 | 22.9
Evocations     | 4 6 8 10 11 13 14 15 | 15.0
Dodging        | |  1.3

Action                     |  1- 3 |  4- 6 |  7- 9 | 10-12 | 13-15 | 16-18 | 19-21 || total
---------------------------+-------+-------+-------+-------+-------+-------+-------++-------
  Melee: Hand axe          |   123 |   188 |    52 |       |       |       |       ||   363
         Battleaxe         |       |       |    13 |       |       |       |       ||    13
         War axe           |       |       |   171 |       |       |       |       ||   171
         Broad axe         |       |       |       |   381 |  1115 |  1498 |   283 ||  3277
         Mace              |       |       |       |       |    25 |       |       ||    25
  Throw: Stone             |     1 |       |       |       |       |       |       ||     1
         Dart              |     1 |    18 |    10 |    14 |     5 |     1 |       ||    49
 Invoke: Berserk           |     3 |     6 |     4 |     5 |     7 |     4 |     1 ||    30
         Trog's Hand       |       |     2 |     2 |     8 |    20 |    19 |     2 ||    53
         Brothers in Arms  |       |       |       |       |       |     4 |       ||     4
  Evoke: Box of beasts     |       |       |       |     2 |     2 |     3 |       ||     7
         Wand              |       |       |       |       |    18 |    11 |     2 ||    31
         Condenser vane    |       |       |       |       |       |     3 |       ||     3
    Use: Scroll            |       |     8 |     5 |     7 |    12 |    13 |       ||    45
         Potion            |       |       |     1 |     3 |     1 |     3 |     1 ||     9
   Stab: Invisible         |       |       |       |     2 |       |       |       ||     2
         Distracted        |       |       |       |       |     1 |     1 |       ||     2
         Petrified         |       |       |       |       |       |     2 |       ||     2
 Armour: Animal skin       |    45 |       |       |       |       |       |       ||    45
         Leather armour    |    63 |     2 |       |       |       |       |       ||    65
         Scale mail        |       |   123 |   178 |       |       |       |       ||   301
         Chain mail        |       |       |       |   451 |   860 |  1101 |   168 ||  2580
  Dodge: Dodged            |    70 |    72 |   109 |   188 |   285 |   315 |    55 ||  1094
  Block: Buckler           |       |       |    23 |   129 |       |       |       ||   152
         Kite shield       |       |       |       |       |   704 |       |       ||   704
         Reflection        |       |       |       |       |    17 |    38 |     2 ||    57
         Tower shield      |       |       |       |       |   256 |  2306 |   371 ||  2933

Table legend: (Time is in decaauts)
 A = Elapsed time spent in this place.
 B = Non-inter-level travel time spent in this place.
 C = Inter-level travel time spent in this place.
 D = Time resting spent in this place.
 E = Time spent auto-exploring this place.
 F = Levels seen in this place.
 G = Mean time per level.
                   A        B        C        D        E       F      G
               +--------+--------+--------+--------+--------+-----+--------+
         Total |  39236 |  36074 |   3162 |   4008 |  24165 |  35 | 1121.0 |
       Dungeon |  15804 |  14557 |   1247 |   1327 |  10505 |  15 | 1053.6 |
          Lair |   6276 |   5677 |    599 |     67 |   4651 |   5 | 1255.2 |
        Shoals |   6056 |   5767 |    289 |   1091 |   3303 |   4 | 1514.0 |
   Spider Nest |   6572 |   5861 |    711 |    798 |   3453 |   4 | 1643.0 |
  Orcish Mines |   1841 |   1617 |    224 |      8 |   1160 |   2 |  920.5 |
        Vaults |    250 |    250 |      0 |      0 |    192 |   1 |  250.0 |
        Depths |   1994 |   1904 |     90 |    698 |    682 |   3 |  664.7 |
        Bailey |    439 |    439 |      0 |     18 |    217 |   1 |  439.0 |
               +--------+--------+--------+--------+--------+-----+--------+

Top non-repeatable levels by time:
Shoals:4: 2329 daAuts
Spider:4: 2155 daAuts
  Lair:5: 1826 daAuts
  Lair:2: 1781 daAuts
    D:15: 1589 daAuts
     D:9: 1577 daAuts
Spider:1: 1565 daAuts
    D:13: 1545 daAuts
Spider:2: 1543 daAuts
Shoals:1: 1466 daAuts
    D:14: 1458 daAuts
    D:10: 1398 daAuts
Spider:3: 1308 daAuts
   Orc:2: 1270 daAuts
Depths:1: 1231 daAuts
